 Dungeon Crawl Stone Soup version 0.29-a0-819-g94b489e0ae (webtiles) character file.

Game seed: 7407261249155971179

8946 27snakeeyes612 the Nimble (level 11, -2/102 HPs)
             Began as a Minotaur Berserker on July 6, 2022.
             Was a High Priest of Trog.
             Slain by a fire crab (10 damage)
             ... on level 10 of the Dungeon.
             The game lasted 00:08:53 (12662 turns).

27snakeeyes612 the Nimble (Minotaur Berserker)     Turns: 12662, Time: 00:08:54

Health: -2/102     AC: 11    Str: 26    XL:     11   Next: 16%
Magic:  9/10       EV: 19    Int:  4    God:    Trog [*****.]
Gold:   726        SH:  0    Dex: 10    Spells: 10/10 levels left

rFire   . . .      SeeInvis .   H - +2 executioner's axe (flame)
rCold   . . .      Faith    .   (shield currently unavailable)
rNeg    + . .      Spirit   .   c - +1 ring mail {rN+}
rPois   .          Reflect  .   (helmet restricted)
rElec   .          Harm     .   f - +0 cloak
rCorr   .          Rampage  .   w - +0 pair of gloves {infuse}
Will    +....                   (no boots)
Stlth   ..........              (no amulet)
HPRegen 0.27/turn               x - ring of willpower
MPRegen 0.12/turn               m - +4 ring of evasion

@: studying Dodging
A: horns 2, retaliatory headbutt
a: Renounce Religion, Berserk, Trog's Hand, Brothers in Arms


You were on level 10 of the Dungeon.
You worshipped Trog.
Trog was extremely pleased with you.
You visited 1 branch of the dungeon, and saw 10 of its levels.

You collected 798 gold pieces.
You spent 72 gold pieces at shops.

Inventory:

Hand Weapons
 C - a +0 battleaxe
 G - a +2 whip of flaming
 H - a +2 executioner's axe of flaming (weapon)
Armour
 c - a +1 ring mail of positive energy (worn)
 f - a +0 cloak (worn)
 v - a +1 pair of gloves
 w - a +0 pair of gloves of infusion (worn)
 F - a scarf of resistance
Jewellery
 m - a +4 ring of evasion (right hand)
 u - a ring of protection from cold
 x - a ring of willpower (left hand)
 y - an amulet of faith
 E - a ring of willpower
Wands
 p - a wand of flame (30)
 q - a wand of light (15)
Scrolls
 b - 5 scrolls of teleportation
 g - 4 scrolls of poison
 k - 5 scrolls of fear
 B - a scroll of summoning
 D - 2 scrolls of identify
 J - a scroll of blinking
 K - a scroll of magic mapping
Potions
 a - 2 potions of cancellation {unknown}
 d - 4 potions of mutation
 e - 2 potions of attraction
 h - 3 potions of heal wounds
 i - a potion of berserk rage
 j - 4 potions of magic
 l - 3 potions of haste
 n - a potion of invisibility {unknown}
 o - 4 potions of brilliance {unknown}
 r - 3 potions of ambrosia {unknown}
 s - 3 potions of degeneration {unknown}
 t - 7 potions of curing {unknown}
 z - 2 potions of lignification {unknown}
 A - a potion of flight {unknown}
 I - a potion of resistance {unknown}


   Skills:
 + Level 11.1 Fighting
 + Level 11.1 Axes
 + Level 10.7 Armour
 + Level 13.4 Dodging


You had 10 spell levels left.
You didn't know any spells.
Your spell library was empty.

Dungeon Overview and Level Annotations

Branches:
Dungeon (10/15)            Temple (0/1) D:5            Lair (0/6) D:9
    Orc (0/2) D:9

Altars:
Cheibriados
Hepliaklqana
Kikubaaqudgha
Qazlal
Wu Jian
Yredelemnul

Shops:
D:4 **   D:8 ?


Innate Abilities, Weirdness & Mutations

You have a pair of horns on your head.
You reflexively headbutt those who attack you in melee.


Message History

No target in view!
No target in view!
No target in view!
No target in view!
No target in view!
No target in view!
No target in view!
No target in view!
Things that are here:
a +0 falchion; a +0 flail; a +0 chain mail
There is a stone staircase leading up here.
Found an ogre skeleton.
Could not explore, unopened runed door.
Could not explore, unopened runed door.
You open the door. The fire crab breathes flames at you.
The blast of flame misses you.
You are engulfed in blazing flames.
You are engulfed in blazing flames.
You start resting.
A fire crab is nearby!
The fire crab breathes flames at you. The blast of flame misses you.
You are engulfed in blazing flames.
The fire crab barely misses you. The fire crab claws you.
You are engulfed in flames!
You slash the fire crab! Your headbutt misses the fire crab.
The fire crab is moderately wounded.
You are engulfed in blazing flames.
* * * LOW HITPOINT WARNING * * *
The fire crab completely misses you. You furiously retaliate!
You headbutt the fire crab, but do no damage.
The fire crab completely misses you.
You feel much better.
You are engulfed in blazing flames.
* * * LOW HITPOINT WARNING * * *
The fire crab bites you!
* * * LOW HITPOINT WARNING * * *
You are engulfed in flames!
* * * LOW HITPOINT WARNING * * *
The fire crab claws you!
You die...

#..##..# #..##..#
#..##..# #..##..#
######### #..##..#
#.○○○t... #..##..#
#○###########..##..#
#.###.##.......##..#
#.t@°.##.###...##..#
#####.##.# #...##..#
#○##.# #...##..#
#○##.# #........
#○##.# #........
#○##.# #...###..
#○○..# #...# #..
#○○..# #...# #..
####.# #...# #..


You could see a fire crab.

Vanquished Creatures
  A two-headed ogre (D:8)
  Pikel (D:9)
  2 komodo dragons
  A vampire (D:10)
  9 yaks
  2 wraiths (D:10)
  A wyvern (D:8)
  3 steam dragons
  4 vampire mosquitoes (D:9)
  An acid dragon (D:10)
  3 water moccasins
  2 orc warriors (D:9)
  5 black bears
  2 ice beasts
  4 sky beasts
  4 centaurs
  3 ogres
  A lemure (D:9)
  2 phantoms
  2 kobold brigands
  4 bullfrogs
  A necrophage (D:6)
  2 gnoll sergeants (D:8)
  2 scorpions
  5 wights
  3 howler monkeys
  3 hounds
  6 jellies
  5 orc priests
  Crazy Yiuf (D:3)
  A gnoll bouda (D:9)
  5 iguanas
  Natasha (thrice) (D:4)
  7 orc wizards
  2 hell rats (D:8)
  Terence (D:3)
  4 gnolls
  6 adders
  5 river rats (D:8)
  2 shadow imps
  5 white imps
  An ufetubus (D:5)
  2 worms
  3 dart slugs
  25 orcs
  4 bats
  3 endoplasms
  3 giant cockroaches
  6 goblins
  8 hobgoblins
  16 jackals
  16 kobolds
  11 quokkas
  8 ball pythons
  3 frilled lizards
  21 rats
256 creatures vanquished.

Vanquished Creatures (others)
  42 fungi
  60 plants (D:9)
102 creatures vanquished.

Grand Total: 358 creatures vanquished

Notes
Turn   | Place    | Note
-------+----------+-------------------------------------------
     0 | D:1      | 27snakeeyes612 the Minotaur Berserker began the quest for
                  | the Orb.
     0 | D:1      | Reached XP level 1. HP: 19/19 MP: 0/0
   303 | D:1      | Reached XP level 2. HP: 22/27 MP: 1/1
   976 | D:1      | Reached XP level 3. HP: 32/33 MP: 2/2
  1513 | D:2      | Reached ** piety under Trog
  1557 | D:2      | Reached skill level 3 in Dodging
  2489 | D:3      | Reached XP level 4. HP: 40/41 MP: 3/3
  2611 | D:3      | Found a faded altar of an unknown god.
  2900 | D:3      | Found a stormy altar of Qazlal.
  3089 | D:3      | Noticed Terence
  3094 | D:3      | Killed Terence
  3120 | D:3      | Found a hazy altar of Hepliaklqana.
  3165 | D:3      | Found a runed translucent door.
  3166 | D:3      | Noticed Crazy Yiuf
  3226 | D:3      | Killed Crazy Yiuf
  3227 | D:3      | Reached XP level 5. HP: 47/47 MP: 4/4
  3341 | D:4      | Noticed Natasha
  3348 | D:4      | Killed Natasha
  3349 | D:4      | Reached skill level 4 in Dodging
  3370 | D:4      | Reached skill level 5 in Fighting
  3556 | D:4      | Noticed Natasha
  3562 | D:4      | Killed Natasha
  3562 | D:4      | Noticed a black bear
  3563 | D:4      | Reached skill level 5 in Axes
  3569 | D:4      | Reached XP level 6. HP: 52/56 MP: 5/5
  3570 | D:4      | Reached skill level 5 in Dodging
  3605 | D:4      | Noticed Natasha
  3610 | D:4      | Killed Natasha
  3732 | D:4      | Reached skill level 5 in Armour
  3732 | D:4      | Reached XP level 7. HP: 32/62 MP: 6/6
  3911 | D:4      | Reached *** piety under Trog
  4066 | D:4      | Reached skill level 6 in Dodging
  4292 | D:4      | Found Xuokyo's General Store.
  4296 | D:4      | Found Pudoriuw's Specific Store.
  4367 | D:5      | Entered Level 5 of the Dungeon
  4728 | D:5      | Found a staircase to the Ecumenical Temple.
  4983 | D:5      | Found an ornate altar of the Wu Jian Council.
  5046 | D:5      | Reached skill level 7 in Dodging
  5438 | D:5      | Reached XP level 8. HP: 71/71 MP: 4/7
  5808 | D:6      | Reached **** piety under Trog
  6063 | D:6      | Reached skill level 8 in Dodging
  6558 | D:6      | Found an ancient bone altar of Kikubaaqudgha.
  6914 | D:6      | Reached skill level 9 in Dodging
  7146 | D:7      | Reached XP level 9. HP: 71/81 MP: 0/8
  7407 | D:7      | Found a snail-covered altar of Cheibriados.
  8104 | D:7      | Found a basalt altar of Yredelemnul.
  8170 | D:7      | Reached skill level 10 in Dodging
  8525 | D:8      | Found Bugabag's Magic Scroll Shoppe.
  8528 | D:8      | Bought a scroll of identify for 24 gold pieces
  8528 | D:8      | Bought a scroll of identify for 24 gold pieces
  8528 | D:8      | Bought a scroll of identify for 24 gold pieces
  8795 | D:8      | Noticed a two-headed ogre
  8803 | D:8      | Killed a two-headed ogre
  8804 | D:8      | Reached skill level 11 in Dodging
  9230 | D:8      | Reached XP level 10. HP: 12/91 MP: 0/9
  9238 | D:8      | Reached ***** piety under Trog
  9835 | D:8      | Identified the +4 hand axe "Voxiquf" {vorpal, Fly rF+}
 10505 | D:9      | Reached skill level 10 in Fighting
 10534 | D:9      | Found a staircase to the Orcish Mines.
 10539 | D:9      | Noticed Pikel
 10549 | D:9      | Killed Pikel
 10550 | D:9      | Reached skill level 10 in Axes
 10550 | D:9      | Reached skill level 12 in Dodging
 11079 | D:9      | Reached skill level 10 in Armour
 11114 | D:9      | Found a staircase to the Lair.
 11177 | D:9      | Received a gift from Trog
 11178 | D:9      | Reached skill level 13 in Dodging
 11222 | D:9      | Reached XP level 11. HP: 45/101 MP: 5/10
 11790 | D:10     | Entered Level 10 of the Dungeon
 12358 | D:10     | Found a runed translucent door.
 12649 | D:10     | Noticed a fire crab
 12662 | D:10     | Slain by a fire crab

Illustrated notes

Levels and vault maps discovered:
D:1:      dpeg_arrival_connections, layout_loops_ring, amethyst_killhole
D:2:      layout_loops_cross
D:3:      layout_rooms, lemuel_crystal_altar, old_standard_altar,
          chequers_ecumenical_altar_island, bh_walls_and_bars,
          uniq_crazy_yiuf_cottage, uniq_terence
D:4:      layout_cave_pools, nicolae_specific_store,
          minmay_fractal_squares_gapless_5, uniq_natasha
D:5:      layout_cave_pods, mainiacjoe_overflow_catwalk,
          minmay_temple_entry_butterflies, st_stairs_3
D:6:      layout_basic, lemuel_round_altar,
          hangedman_abyss_or_decor_lesser_grid, roderic_lattice_a
D:7:      layout_loops_corners, nicolae_overflow_crystal_walls,
          nicolae_overflow_hidden_temple
D:8:      lemuel_ratsnest, layout_basic, serial_shops, nicolae_shop_behind_doors
D:9:      layout_basic, due_lair_maze_entry_diamond, orc_0_dummy, uniq_pikel
D:10:     gammafunk_mikee_crab_dinner, layout_long_grid

Skill      XL: |  1  2  3  4  5  6  7  8  9 10 11 |
---------------+----------------------------------+-----
Fighting       | 4 5 6 8 9 10 11 | 11.1
Axes           | 4 5 6 7 9 10 11 | 11.1
Armour         | 3 4 5 6 7 9 10 | 10.7
Dodging        | 3 4 5 7 9 11 13 | 13.4

Action                   |  1- 3 |  4- 6 |  7- 9 | 10-12 || total
-------------------------+-------+-------+-------+-------++-------
Melee: Hand axe          |    99 |    88 |   286 |    37 ||   510
       Headbutt          |     9 |    12 |    64 |    28 ||   113
       Punch             |       |       |     7 |       ||     7
       Battleaxe         |       |       |       |    86 ||    86
       Executioner's axe |       |       |       |    34 ||    34
Invok: Berserk           |       |     1 |     2 |     2 ||     5
       Trog's Hand       |       |       |     1 |       ||     1
  Use: Scroll            |       |    10 |    10 |     1 ||    21
       Potion            |       |       |       |     1 ||     1
 Stab: Sleeping          |     3 |       |       |       ||     3
Armor: Animal skin       |    25 |     7 |       |       ||    32
       Ring mail         |       |    33 |    91 |    38 ||   162
Dodge: Dodged            |    60 |    70 |   200 |   192 ||   522

Table legend: (Time is in decaauts)
 A = Elapsed time spent in this place.
 B = Non-inter-level travel time spent in this place.
 C = Inter-level travel time spent in this place.
 D = Time resting spent in this place.
 E = Time spent auto-exploring this place.
 F = Levels seen in this place.
 G = Mean time per level.
                   A        B        C        D        E       F      G
               +--------+--------+--------+--------+--------+-----+--------+
         Total |  12751 |  12385 |    366 |    593 |  10296 |  10 | 1275.1 |
       Dungeon |  12751 |  12385 |    366 |    593 |  10296 |  10 | 1275.1 |
               +--------+--------+--------+--------+--------+-----+--------+

Top non-repeatable levels by time:
     D:8: 1833 daAuts
     D:7: 1533 daAuts
     D:6: 1508 daAuts
     D:1: 1378 daAuts
     D:9: 1352 daAuts
     D:5: 1232 daAuts
     D:2: 1107 daAuts
     D:4: 1028 daAuts
    D:10: 888 daAuts
     D:3: 887 daAuts
